 Dungeon Crawl Stone Soup version 0.23-a0-516-g0f8c245 (webtiles) character file.

12691 galech the Cleaver (level 11, -6/84 HPs)
             Began as a Demonspawn Fighter on Dec 5, 2018.
             Was a High Priest of Okawaru.
             Mangled by an orc warlord
             ... wielding a +0 war axe
              (8 damage)
             ... on level 10 of the Dungeon.
             The game lasted 00:17:13 (13624 turns).

galech the Cleaver (Demonspawn Fighter)            Turns: 13624, Time: 00:17:13

Health: -6/84      AC: 23    Str: 17    XL:     11   Next: 65%
Magic:  0/11       EV:  2    Int: 10    God:    Okawaru [*****.]
Gold:   814        SH: 15    Dex: 15    Spells: 10/10 levels left

rFire    . . .     SeeInvis .   z - +4 hand axe
rCold    + . .     Gourm    .   c - +0 shield
rNeg     . . .     Faith    .   J - +2 crystal plate armour
rPois    .         Spirit   +   t - +0 helmet
rElec    .         Reflect  .   r - scarf {cloud immunity}
rCorr    +         Harm     .   g - +0 pair of gloves
MR       .....                  (no boots)
Stlth    ..........             F - amulet of guardian spirit
HPRegen  0.24/turn              A - ring of resist corrosion
MPRegen  0.12/turn              C - ring of protection from cold

@: no status effects
A: hooves 2, large bone plates 1, powered by pain 2, rot immunity
a: Heroism, Finesse, Renounce Religion


You were on level 10 of the Dungeon.
You worshipped Okawaru.
Okawaru was extremely pleased with you.
You were hungry.

You visited 3 branches of the dungeon, and saw 12 of its levels.

You collected 814 gold pieces.

Inventory:

Hand Weapons
 a - a +0 war axe
 z - a +4 hand axe (weapon)
Armour
 b - a +2 chain mail of magic resistance
 c - a +0 shield (worn)
 g - a +0 pair of gloves (worn)
 r - a scarf of cloud immunity (worn)
 t - a +0 helmet (worn)
 J - a +2 crystal plate armour (worn)
Jewellery
 A - a ring of resist corrosion (left hand)
 B - a +3 amulet of reflection
 C - a ring of protection from cold (right hand)
 F - an amulet of guardian spirit (around neck)
Wands
 d - a wand of random effects (44)
 x - a wand of acid (24)
 H - a wand of enslavement (10)
Scrolls
 e - 5 scrolls of remove curse
 i - 2 scrolls of vulnerability
 m - 7 scrolls of teleportation
 n - a scroll of fear
 q - a scroll of magic mapping
 s - 4 scrolls of fog
 y - a scroll of random uselessness
 D - 2 scrolls of identify
 G - a scroll of immolation {unknown}
Potions
 h - a potion of degeneration {unknown}
 j - 2 potions of resistance {unknown}
 k - 4 potions of curing
 l - 3 potions of haste {unknown}
 o - 2 potions of agility {unknown}
 p - 2 potions of brilliance {unknown}
 u - 2 potions of lignification {unknown}
 v - a potion of magic
 w - 3 potions of heal wounds {unknown}
 E - a potion of cancellation
Comestibles
 f - 16 rations


   Skills:
 + Level 7.4 Fighting
 + Level 10.7 Axes
 + Level 8.0 Armour
 + Level 3.9 Dodging
 + Level 1.5 Stealth
 + Level 8.9 Shields
 + Level 1.2 Invocations


You had 10 spell levels left.
You didn't know any spells.
Your spell library contained the following spells:

 Spells                   Type           Power        Failure   Level  Hunger
 Confusing Touch          Hex            #.....       100%        1    ##.....
 Corona                   Hex            #......      100%        1    ##.....
 Flame Tongue             Conj/Fire      #....        100%        1    ##.....
 Freeze                   Ice            #...         100%        1    ##.....
 Ensorcelled Hibernation  Hex/Ice        #.....       100%        2    ###....
 Throw Flame              Conj/Fire      #.....       100%        2    ###....
 Throw Frost              Conj/Ice       #.....       100%        2    ###....
 Confuse                  Hex            #.......     100%        3    ####...
 Conjure Flame            Conj/Fire      #.......     100%        3    ####...
 Dazzling Spray           Conj/Hex       #.....       100%        3    ####...
 Gell's Gravitas          Tloc           #.........   100%        3    ####...
 Inner Flame              Hex/Fire       #.......     100%        3    ####...
 Ozocubu's Armour         Chrm/Ice       #.......     100%        3    ####...
 Tukima's Dance           Hex            #.......     100%        3    ####...
 Petrify                  Tmut/Erth      #.......     100%        4    #####..
 Sticky Flame             Conj/Fire      #.......     100%        4    #####..
 Summon Ice Beast         Ice/Summ       #.......     100%        4    #####..
 Throw Icicle             Conj/Ice       #.......     100%        4    #####..
 Fireball                 Conj/Fire      #.........   100%        5    ######.
 Irradiate                Conj/Tmut      #.........   100%        5    ######.
 Metabolic Englaciation   Hex/Ice        #.........   100%        5    ######.
 Yara's Violent Unravell  Hex/Tmut       #.........   100%        5    ######.
 Hydra Form               Tmut           #.........   100%        6    #######
 Statue Form              Tmut/Erth      #........    100%        6    #######
 Dragon Form              Tmut           #.........   100%        7    #######


Dungeon Overview and Level Annotations

Branches:
Dungeon (10/15)            Temple (1/1) D:7             Orc (1/2) D:10
   Lair: D:8-11

Altars:
Ashenzari
Cheibriados
Dithmenos
Elyvilon
Fedhas
Gozag
Hepliaklqana
Kikubaaqudgha
Makhleb
Nemelex Xobeh
Okawaru
Qazlal
Ru
Sif Muna
Trog
Uskayaw
Vehumet
Wu Jian
Xom
Yredelemnul
Zin
The Shining One
Lugonu


Innate Abilities, Weirdness & Mutations

You have hoof-like feet.
You are partially covered in large bone plates. (SH +4)
You sometimes gain power by taking damage.
You are immune to rotting.


Message History

You hit the orc warlord but do no damage.
The orc warlord is almost dead.
The orc warlord hits you with a +0 war axe!
* * * LOW HITPOINT WARNING * * *
The orc warlord blocks your attack.
The orc warlord is almost dead.
You block the orc warlord's attack. The orc warlord blocks your attack.
The orc warlord is almost dead.
The orc warlord blocks your attack.
The orc warlord is almost dead.
The orc warlord hits you but does no damage.
The orc warlord blocks your attack.
You kick the orc warlord.
The orc warlord is almost dead.
The orc warlord hits you with a +0 war axe.
* * * LOW HITPOINT WARNING * * *
The orc warlord blocks your attack.
Your kick misses the orc warlord.
The orc warlord is almost dead.
The orc warlord hits you with a +0 war axe!
You die...

...............##...............#
.........##....##................
.........##......................
..........................##.....
##...##...................##.....
.....##........###...............
[.).(..................[[........
.....(..........[......[....##..#
#...............@.......[...##...
#...............)o...............
##....................[.....[)[..
.#.........................##[...
.#....##...................##.(..
......##.........................
...........##..........##........
##.........##..........##.......#
.................................


You could see an orc warlord.

Vanquished Creatures
  A yaktaur captain (D:8)
  Harold (D:10)
  A two-headed ogre (D:9)
  2 orc sorcerers (Orc:1)
  An ugly thing (D:9)
  2 trolls (D:10)
  A hornet (D:7)
  A hippogriff (D:7)
  A spriggan (D:7)
  14 yaks
  A hungry ghost (D:7)
  4 wargs (D:10)
  3 ice beasts
  8 orc warriors
  A necrophage (D:8)
  5 phantoms
  6 ogres
  4 centaurs
  10 bullfrogs
  3 wyvern zombies
  A wyvern skeleton (D:10)
  4 scorpions
  12 wights
  8 killer bees
  4 howler monkeys
  4 crimson imps
  A quasit (D:5)
  2 bullfrog zombies
  9 orc priests
  2 jellies
  3 hounds
  A bullfrog skeleton (D:9)
  4 iguanas
  12 orc wizards
  6 worker ants
  Robin (D:3)
  A worker ant zombie (D:8)
  13 adders
  A shadow imp (D:10)
  An ooze (D:2)
  6 worms
  A dart slug (D:4)
  A leopard gecko (D:1)
  41 orcs
  7 giant cockroaches
  10 goblins
  11 hobgoblins
  12 jackals
  3 quokkas
  4 bats
  5 frilled lizards
  2 kobolds (D:2)
  2 quokka skeletons
  A quokka zombie (D:6)
  8 rats
  A fungus (D:1)
275 creatures vanquished.

Notes
Turn   | Place    | Note
-------+----------+-------------------------------------------
     0 | D:1      | galech the Demonspawn Fighter began the quest for the Orb.
     0 | D:1      | Reached XP level 1. HP: 18/18 MP: 1/1
   434 | D:1      | Gained mutation: You have large cloven feet. [demonic
                  | ancestry]
   434 | D:1      | Reached XP level 2. HP: 23/24 MP: 2/2
   464 | D:1      | Reached skill level 2 in Axes
   999 | D:2      | Found a shadowy altar of Dithmenos.
  1172 | D:2      | Reached XP level 3. HP: 28/29 MP: 3/3
  1380 | D:2      | Found a faded altar of an unknown god.
  1459 | D:2      | Found a glowing silver altar of Zin.
  1953 | D:2      | Reached XP level 4. HP: 31/35 MP: 4/4
  2204 | D:3      | Reached skill level 3 in Axes
  2307 | D:3      | Noticed Robin
  2318 | D:3      | Killed Robin
  2827 | D:3      | Found a hide-covered altar of Uskayaw.
  2827 | D:3      | Noticed a +0 dagger
  2828 | D:3      | Noticed a +0 dagger
  2952 | D:3      | Gained mutation: You sometimes gain a little power by
                  | taking damage. [demonic ancestry]
  2952 | D:3      | Reached XP level 5. HP: 18/41 MP: 5/5
  3471 | D:3      | Reached skill level 4 in Axes
  3925 | D:4      | Noticed a phantom
  3946 | D:4      | Killed a phantom
  3946 | D:4      | Reached skill level 1 in Dodging
  3946 | D:4      | Gained mutation: You are immune to rotting. [demonic
                  | ancestry]
  3946 | D:4      | Reached XP level 6. HP: 29/48 MP: 6/6
  4421 | D:5      | Entered Level 5 of the Dungeon
  4456 | D:5      | Reached skill level 5 in Axes
  4682 | D:5      | Found a blossoming altar of Fedhas.
  5230 | D:6      | Gained mutation: You have hoof-like feet. [demonic
                  | ancestry]
  5230 | D:6      | Reached XP level 7. HP: 51/53 MP: 7/7
  5828 | D:6      | Reached XP level 8. HP: 51/61 MP: 8/8
  5919 | D:6      | Found a sacrificial altar of Ru.
  5919 | D:6      | Found a faded altar of an unknown god.
  5928 | D:6      | Found an ancient bone altar of Kikubaaqudgha.
  5930 | D:6      | Found a shattered altar of Ashenzari.
  5932 | D:6      | Found a faded altar of an unknown god.
  5976 | D:6      | Reached skill level 6 in Axes
  6196 | D:7      | Noticed a hornet
  6247 | D:7      | Paralysed by a hornet for 3 turns
  6254 | D:7      | Killed a hornet
  6508 | D:7      | Reached skill level 5 in Fighting
  6508 | D:7      | Reached skill level 5 in Armour
  6584 | D:7      | Found a sacrificial altar of Ru.
  6597 | D:7      | Reached skill level 5 in Shields
  6731 | D:7      | Reached skill level 7 in Axes
  6847 | D:7      | Noticed a hippogriff
  6858 | D:7      | Killed a hippogriff
  6858 | D:7      | Reached skill level 1 in Stealth
  6858 | D:7      | Gained mutation: You sometimes gain power by taking damage.
                  | [demonic ancestry]
  6858 | D:7      | Reached XP level 9. HP: 42/68 MP: 9/9
  6981 | D:7      | Found a staircase to the Ecumenical Temple.
  7011 | Temple   | Entered the Ecumenical Temple
  7049 | Temple   | Became a worshipper of Warmaster Okawaru
  7609 | D:7      | Found a stormy altar of Qazlal.
  7609 | D:7      | Found a shimmering altar of Xom.
  7694 | D:7      | Found a white marble altar of Elyvilon.
  8020 | D:8      | Reached skill level 8 in Axes
  8166 | D:8      | Reached * piety under Okawaru
  8703 | D:8      | Noticed a yaktaur captain
  8719 | D:8      | Killed a yaktaur captain
  8719 | D:8      | Reached ** piety under Okawaru
  8719 | D:8      | Gained mutation: You are partially covered in large bone
                  | plates. (SH +4) [demonic ancestry]
  8719 | D:8      | Reached XP level 10. HP: 16/76 MP: 4/10
  9423 | D:8      | Found an ornate altar of the Wu Jian Council.
  9576 | D:9      | Noticed a purple ugly thing
  9609 | D:9      | Killed a purple ugly thing
  9609 | D:9      | Reached skill level 9 in Axes
  9618 | D:9      | Reached *** piety under Okawaru
 10123 | D:9      | Found a burning altar of Makhleb.
 10690 | D:9      | Noticed a two-headed ogre
 10704 | D:9      | Killed a two-headed ogre
 10704 | D:9      | Reached **** piety under Okawaru
 11047 | D:9      | Found a glowing golden altar of the Shining One.
 11090 | D:10     | Entered Level 10 of the Dungeon
 11131 | D:10     | Got an ancient trident
 11132 | D:10     | Identified the +1 trident of Ru's Displeasure {venom, +Inv
                  | rF- MR++ SInv} (You found it on level 10 of the Dungeon)
 11188 | D:10     | Reached XP level 11. HP: 84/84 MP: 8/11
 11236 | D:10     | Reached skill level 1 in Invocations
 11239 | D:10     | Found a staircase to the Orcish Mines.
 11373 | D:10     | Noticed Harold
 11406 | D:10     | Killed Harold
 11406 | D:10     | Reached skill level 10 in Axes
 11953 | D:10     | Reached ***** piety under Okawaru
 12033 | D:10     | Found a snail-covered altar of Cheibriados.
 12695 | Orc:1    | Entered Level 1 of the Orcish Mines
 12695 | Orc:1    | Found a burning altar of Makhleb.
 12695 | Orc:1    | Noticed an orc sorcerer
 12703 | Orc:1    | Paralysed by an orc sorcerer for 2 turns
 12711 | Orc:1    | Killed an orc sorcerer
 12806 | Orc:1    | Noticed an orc sorcerer
 12937 | Orc:1    | Killed an orc sorcerer
 13182 | Orc:1    | Received a gift from Okawaru
 13329 | Orc:1    | Noticed an orc knight
 13333 | Orc:1    | Noticed an orc warlord
 13337 | Orc:1    | Noticed an orc sorcerer
 13606 | D:10     | HP: 4/84 [orc warlord/+0 war axe (1)]
 13619 | D:10     | HP: 2/84 [orc warlord/+0 war axe (3)]
 13624 | D:10     | Mangled by an orc warlord

Vault maps used:
D:1:      dpeg_cavernosity
D:2:      zin_academy, grunt_dithmenos_smoke, chequers_ecumenical_altar_simple
D:3:      dancing_weapons_uskayaw, first_ration, uniq_robin
D:5:      fedhas_ov_isle_minmay
D:6:      cheibrodos_helix_gallery, chequers_temple_overflow_minitemple
D:7:      elyvilon_altar_5, gammafunk_temple_overflow_elements, temple_pool_b,
          basic_altar, the_bakery
D:8:      lemuel_coloured_pillars_altar, kennysheep_just_a_vault
D:9:      kennysheep_mini_moat, tso_altar, grunt_decor_arrowhead
D:10:     erik_orc_4, basic_altar, uniq_harold
Temple:   corrupted_temple
Orc:1:    basic_altar, mines2_lemuel

Skill      XL: |  1  2  3  4  5  6  7  8  9 10 11 |
---------------+----------------------------------+-----
Axes           | 2 3 4 5 7 8 9 10 | 10.7
Shields        | 3 4 5 6 7 8 |  8.9
Armour         | 3 4 5 6 7 8 |  8.0
Dodging        | 1 2 3 |  3.9
Fighting       | 4 5 6 7 |  7.4
Stealth        | 1 |  1.5
Invocations    | 1 |  1.2

Action                   |  1- 3 |  4- 6 |  7- 9 | 10-12 || total
-------------------------+-------+-------+-------+-------++-------
Melee: War axe           |   139 |   192 |   290 |       ||   621
       Kick              |    28 |    53 |    97 |   230 ||   408
       Hand axe          |       |       |    34 |   632 ||   666
Invok: Heroism           |       |       |     1 |     8 ||     9
       Finesse           |       |       |       |     1 ||     1
  Use: Scroll            |       |     5 |     3 |     4 ||    12
       Potion            |       |     1 |     4 |       ||     5
  Eat: Chunk             |     4 |    10 |     8 |    12 ||    34
       Ration            |       |       |     2 |     1 ||     3
Armor: Scale mail        |    49 |    97 |   103 |    33 ||   282
       Chain mail        |       |       |       |    79 ||    79
       Crystal plate arm |       |       |       |    24 ||    24
Dodge: Dodged            |    31 |    55 |    97 |   115 ||   298
Block: Shield            |    64 |    98 |   182 |   403 ||   747
       Reflection        |       |       |     2 |       ||     2

Table legend:
 A = Non-vault XP
 B = Vault XP
 C = Vault XP percentage of total XP
 D = Non-vault monster count
 E = Vault monster count
 F = Vault count percentage of total count
                 A         B        C        D         E       F
            +---------+---------+-------+---------+---------+-------
      Total |   15162 |    2968 |  16.4 |     241 |      33 |  12.0
            +---------+---------+-------+---------+---------+-------
        D:1 |      20 |       6 |  23.1 |      10 |       4 |  28.6
        D:2 |      77 |       0 |   0.0 |      24 |       0 |   0.0
        D:3 |     200 |      27 |  11.9 |      25 |       7 |  21.9
        D:4 |     189 |       0 |   0.0 |       6 |       0 |   0.0
        D:5 |     178 |       0 |   0.0 |       7 |       0 |   0.0
        D:6 |     679 |     181 |  21.0 |      13 |       2 |  13.3
        D:7 |    2215 |     211 |   8.7 |      31 |       1 |   3.1
        D:8 |    1095 |    1029 |  48.4 |      16 |       1 |   5.9
        D:9 |    4626 |       0 |   0.0 |      51 |       0 |   0.0
       D:10 |    4199 |    1514 |  26.5 |      46 |      18 |  28.1
      Orc:1 |    1684 |       0 |   0.0 |      12 |       0 |   0.0
            +---------+---------+-------+---------+---------+-------
